 Dungeon Crawl Stone Soup version 0.28-a0-472-g50180c0d78 (webtiles) character file.

Game seed: 15932642805984996163

32291 Morbidden the Zephyrmancer (level 13, -2/105 HPs)
             Began as a Demigod Air Elementalist on Sept 15, 2021.
             Slain by a boulder beetle (45 damage)
             ... on level 6 of the Lair of Beasts.
             The game lasted 00:34:57 (23650 turns).

Morbidden the Zephyrmancer (DgAE)                  Turns: 23650, Time: 00:34:57

Health: -2/105     AC: 22    Str: 17    XL:     13   Next: 2%
Magic:  2/41       EV:  8    Int: 42    God:
Gold:   747        SH:  4    Dex: 11    Spells: 21/33 levels left

rFire   + . .      SeeInvis .   b - +2 dagger (elec)
rCold   . . .      Faith    .   g - +0 buckler
rNeg    . . .      Spirit   .   K - +6 chain mail of Peom Ziu {rElec rCorr Int+4 Dex-3}
rPois   .          Reflect  .   Q - +2 hat
rElec   +          Harm     .   M - +2 cloak {rCorr}
rCorr   +          Rampage  .   v - +1 pair of gloves {Stlth+}
Will    .....                   (no boots)
Stlth   ..........              I - amulet "Lonnebom" {Acrobat rF+ Will- Int+7}
HPRegen 0.27/turn               n - ring of magical power
MPRegen 0.27/turn               O - +6 ring of intelligence

@: very slightly contaminated, hasted, very quick
A: high mp 1, forlorn
a: no special abilities


You were on level 6 of the Lair of Beasts.
You visited 3 branches of the dungeon, and saw 17 of its levels.
You also visited: Ossuary.

You collected 942 gold pieces.
You spent 195 gold pieces at shops.

Inventory:

Hand Weapons
 a - a +2 dagger of venom
 b - a +2 dagger of electrocution (weapon)
Armour
 d - a +0 ring mail of cold resistance
 g - a +0 buckler (worn)
 s - +0 swamp dragon scales
 v - a +1 pair of gloves of stealth (worn)
 K - the +6 chain mail of Peom Ziu (worn) {rElec rCorr Int+4 Dex-3}
   (You took it off an orc on level 8 of the Dungeon)

   Int:       It affects your intelligence (+4).
   Dex:       It affects your dexterity (-3).
   rElec:     It insulates you from electricity.
   rCorr:     It protects you from acid and corrosion.
 M - a +2 cloak of preservation (worn)
 Q - a +2 hat (worn)
Jewellery
 f - a ring of positive energy
 n - a ring of magical power (left hand)
 z - a ring of ice
 I - the amulet "Lonnebom" (around neck) {Acrobat rF+ Will- Int+7}
   (You found it on level 8 of the Dungeon)

   [amulet of the acrobat]

   It increases your evasion while moving and waiting.
   Int:       It affects your intelligence (+7).
   rF:        It protects you from fire.
   Will:      It decreases your willpower.
 N - a ring of flight
 O - a +6 ring of intelligence (right hand)
Wands
 i - a wand of acid (6)
 w - a wand of digging (3)
 B - a wand of iceblast (39)
 D - a wand of flame (56)
 H - a wand of mindburst (11)
 L - a wand of polymorph (9)
Scrolls
 c - 3 scrolls of teleportation
 j - a scroll of fear
 k - a scroll of vulnerability
 l - 3 scrolls of identify
 o - 2 scrolls of enchant weapon
 r - 4 scrolls of amnesia
 C - a scroll of enchant armour
 E - 3 scrolls of magic mapping
 F - 2 scrolls of silence
 P - 2 scrolls of fog
Potions
 e - 2 potions of might
 m - 9 potions of curing
 p - 3 potions of attraction
 q - 4 potions of mutation {unknown}
 t - 2 potions of brilliance {unknown}
 u - 3 potions of lignification
 x - 2 potions of haste
 A - 7 potions of heal wounds
 G - a potion of ambrosia
 J - a potion of magic {unknown}
 R - a potion of degeneration {unknown}
 S - a potion of resistance {unknown}
Miscellaneous
 h - a phantom mirror


   Skills:
 * Level 7.0 Fighting
 * Level 6.7 Short Blades
 + Level 2.8 Armour
 * Level 4.0 Dodging
 + Level 3.0 Stealth
 + Level 4.1 Shields
 * Level 10.6 Spellcasting
 * Level 7.1 Conjurations
 * Level 3.7 Ice Magic
 * Level 10.8 Air Magic
 + Level 0.9 Evocations


You had 21 spell levels left.
You knew the following spells:

 Your Spells              Type           Power      Damage    Failure   Level
a - Shock                 Conj/Air       100%       1d9       1%          1
b - Static Discharge      Conj/Air       78%        N/A       1%          2
c - Airstrike             Air            42%        N/A       2%          4
d - Freezing Cloud        Conj/Ice/Air   35%        6-21      32%         5

Your spell library contained the following spells:

 Spells                   Type           Power      Damage    Failure   Level
 Swiftness                Air            85%        N/A       1%          3
 Corpse Rot               Necr/Air       N/A        N/A       3%          2
 Poisonous Vapours        Pois/Air       100%       N/A       3%          2
 Ensorcelled Hibernation  Hex/Ice        76%        N/A       16%         2
 Gell's Gravitas          Tloc           11%        N/A       56%         3
 Lesser Beckoning         Tloc           22%        N/A       56%         3
 Spider Form              Tmut/Pois      11%        N/A       56%         3
 Teleport Other           Tloc           22%        N/A       56%         3
 Silence                  Hex/Air        30%        N/A       56%         5
 Animate Dead             Necr           11%        N/A       92%         4
 Passage of Golubria      Tloc           N/A        N/A       92%         4
 Borgnjor's Vile Clutch   Necr/Erth      11%        N/A       99%         5
 Death Channel            Necr           11%        N/A       100%        6
 Simulacrum               Ice/Necr       19%        N/A       100%        6
 Haunt                    Necr/Summ      11%        N/A       100%        7
 Infestation              Necr           11%        N/A       100%        8
 Lehudib's Crystal Spear  Conj/Erth      25%        10d7      100%        8
 Polar Vortex             Ice            26%        N/A       100%        9


Dungeon Overview and Level Annotations

Branches:
Dungeon (10/15)            Temple (0/1) D:4            Lair (6/6) D:10
 Shoals (0/4) Lair:3        Snake (1/4) Lair:4        Slime (0/5) Lair:5
    Orc (0/2) D:10        Ossuary (visited)

Shops:
D:2 !   D:10 [

Annotations:
D:2 1 runed translucent door, Crazy Yiuf
D:4 1 transporter, Gargoyl's ghost, amateur GnAK
D:6 4 runed translucent doors
D:9 1 runed translucent door
Lair:3 2 transporters
Lair:5 1 runed translucent door


Innate Abilities, Weirdness & Mutations

Your attributes grow dramatically as you level up.
You have an increased reservoir of magic. (+10% MP)
You shall have no god before yourself.


Message History

You miscast Freezing Cloud.
You are very lightly contaminated with residual magic.
You are caught in an explosion of electrical discharges.
You resist.
The fungus is engulfed in freezing vapours.
The boulder beetle is engulfed in freezing vapours.
Unknown command.
Unknown command.
Casting: Freezing Cloud (dangerous; 32% risk of failure)
Confirm with . or Enter, or press ? or * to list all spells.
Aiming: Freezing Cloud (dangerous; 32% risk of failure)
Press: ? - help, Dir - move target That beam is likely to hit you.
Continue anyway?
Okay, then.
Unknown command.
Casting: Freezing Cloud (dangerous; 32% risk of failure)
Confirm with . or Enter, or press ? or * to list all spells.
Aiming: Freezing Cloud (dangerous; 32% risk of failure)
Press: ? - help, Dir - move target That beam is likely to hit you.
Continue anyway?
You miscast Freezing Cloud.
Nothing appears to happen.
The fungus is engulfed in freezing vapours.
The boulder beetle is engulfed in freezing vapours.
Unknown command.
Unknown command.
Casting: Freezing Cloud (dangerous; 32% risk of failure)
Confirm with . or Enter, or press ? or * to list all spells.
Aiming: Freezing Cloud (dangerous; 32% risk of failure)
Press: ? - help, Dir - move target, f - plant
Aim: a plant You miscast Freezing Cloud.
Heat is drained from your body!
The fungus is engulfed in freezing vapours.
Unknown command.
Unknown command.
Unknown command.
Unknown command.
You feel yourself speed up.
The fungus is engulfed in freezing vapours.
A nearby fungus withers and dies.
The boulder beetle hits you!!!
You die...

#....PP PP.PPP..## P.
....... .P...P....# ..
P...... .........# ..
......P #.. #....# ..
......P... #....### ..
##......#.#####.P....##..
.#........##.##§.#.....#..
..........@B°°§§§..........
..............§§§..........
.........÷.......§.........
...........................
........÷÷÷###..#...#..###
##......#.#....#...####
#.................### #
#...................###P
#...................#...


You could see a boulder beetle (rolling).

Vanquished Creatures
  4 hydras
  4 two-headed ogres (D:10)
  A tengu warrior (D:9)
  A deep elf pyromancer (D:9)
  Pikel (D:6)
  2 merfolk sirens (Lair:3)
  Maurice (D:8)
  3 elephants (Lair:5)
  A black mamba (Lair:5)
  Maggie (D:10)
  11 cane toads
  A rime drake (Lair:5)
  3 komodo dragons
  A tengu conjurer (D:9)
  2 polar bears
  2 merfolk (Lair:3)
  5 dream sheep (Lair:6)
  Grinder (D:6)
  15 blink frogs
  23 yaks
  A shadow (D:10)
  5 wyverns
  Sigmund (D:2)
  2 basilisks
  2 steam dragons
  3 wargs (D:10)
  15 water moccasins
  4 orc warriors
  A black bear (D:6)
  An ice beast (D:7)
  2 sky beasts
  A hornet zombie (Ossuary)
  3 ogres
  4 centaurs
  13 wolves
  14 bullfrogs
  4 scorpions
  6 water moccasin zombies
  A wyvern skeleton (D:7)
  A water moccasin skeleton (D:6)
  11 killer bees (D:9)
  7 wights
  5 electric eels
  A howler monkey (D:10)
  8 bullfrog zombies
  5 centaur zombies
  2 hounds (D:4)
  2 jellies
  6 orc priests
  A centaur skeleton (D:4)
  A bullfrog skeleton (D:6)
  5 iguanas
  8 orc wizards
  6 hell rats (Lair:5)
  8 killer bee zombies
  A hound skeleton (D:4)
  13 mummies (Ossuary)
  4 howler monkey zombies
  9 gnolls
  A howler monkey skeleton (D:5)
  6 adders
  A shadow imp (D:6)
  A white imp (D:7)
  2 ufetubi
  2 worms
  3 dart slugs
  28 orcs
  10 endoplasms
  2 giant cockroaches
  6 hobgoblins
  10 jackals
  5 quokkas
  9 ball pythons
  3 bats
  5 frilled lizards
  8 goblins
  9 kobolds
  A quokka skeleton (D:4)
  11 rats
393 creatures vanquished.

Vanquished Creatures (others)
  11 fungi
  42 plants
  3 withered plants (Ossuary)
56 creatures vanquished.

Grand Total: 449 creatures vanquished

Notes
Turn   | Place    | Note
-------+----------+-------------------------------------------
     0 | D:1      | Morbidden the Demigod Air Elementalist began the quest for
                  | the Orb.
     0 | D:1      | Reached XP level 1. HP: 14/14 MP: 5/5
   420 | D:1      | Reached XP level 2. HP: 22/22 MP: 0/7
   526 | D:1      | Learned a level 2 spell: Static Discharge
   656 | D:1      | Reached skill level 1 in Conjurations
   943 | D:1      | Reached XP level 3. HP: 24/27 MP: 2/8
  1321 | D:2      | Found Fuid's Distillery.
  1465 | D:2      | Noticed Sigmund
  1849 | D:2      | Found a runed translucent door.
  1850 | D:2      | Noticed Crazy Yiuf
  2424 | D:3      | Reached XP level 4. HP: 34/34 MP: 7/10
  2473 | D:3      | Reached skill level 1 in Fighting
  2580 | D:3      | Reached skill level 1 in Shields
  2580 | D:3      | Reached XP level 5. HP: 18/40 MP: 1/12
  3141 | D:4      | Reached skill level 1 in Short Blades
  3273 | D:4      | Found a staircase to the Ecumenical Temple.
  3462 | D:4      | Found a sand-covered staircase.
  3467 | Ossuary  | Entered an ossuary
  3543 | Ossuary  | Reached XP level 6. HP: 47/48 MP: 1/13
  3794 | Ossuary  | Reached XP level 7. HP: 10/56 MP: 3/15
  4863 | Ossuary  | Learned a level 4 spell: Airstrike
  5469 | Ossuary  | Reached XP level 8. HP: 53/63 MP: 18/18
  5899 | D:4      | Found a transporter.
  5900 | D:4      | Found a transporter.
  6312 | D:4      | Noticed Gargoyl's ghost (amateur GnAK)
  6554 | D:4      | Reached skill level 5 in Spellcasting
  6894 | D:5      | Entered Level 5 of the Dungeon
  8122 | D:6      | Noticed Pikel
  8137 | D:6      | Killed Pikel
  8138 | D:6      | Reached skill level 5 in Air Magic
  8138 | D:6      | Reached XP level 9. HP: 60/70 MP: 7/21
  8293 | D:6      | Found a runed translucent door.
  8295 | D:6      | Found a runed translucent door.
  8324 | D:6      | Noticed Grinder
  8331 | D:6      | Paralysed by Grinder for 6 turns
  8342 | D:6      | Killed Grinder
  9176 | D:6      | Found a large runed translucent door.
  9177 | D:6      | Found a large runed translucent door.
  9531 | D:7      | Reached skill level 1 in Armour
 11109 | D:8      | Identified the amulet "Lonnebom" {Acrobat rF+ Will- Int+7}
 11135 | D:8      | Identified the +6 chain mail of Peom Ziu {rElec rCorr Int+4
                  | Dex-3}
 11291 | D:8      | Noticed Maurice
 11305 | D:8      | Reached skill level 5 in Conjurations
 11308 | D:8      | Killed Maurice
 11309 | D:8      | Reached XP level 10. HP: 66/80 MP: 5/24
 11919 | D:2      | Killed Sigmund
 13685 | D:9      | Noticed a tengu warrior
 13694 | D:9      | Killed a tengu warrior
 13869 | D:9      | Found a runed translucent door.
 13869 | D:9      | Noticed a deep elf pyromancer
 13874 | D:9      | Killed a deep elf pyromancer
 13875 | D:9      | Reached skill level 5 in Fighting
 14018 | D:9      | Noticed a fire dragon
 14210 | D:9      | Reached skill level 5 in Short Blades
 14700 | D:10     | Entered Level 10 of the Dungeon
 14706 | D:10     | Noticed a two-headed ogre
 14712 | D:10     | Killed a two-headed ogre
 14822 | D:10     | Noticed Maggie
 14827 | D:10     | Killed Maggie
 15044 | D:10     | Noticed a two-headed ogre
 15095 | D:10     | Found a staircase to the Lair.
 15527 | D:10     | Found Myeqoty's Antique Armour Shoppe.
 15535 | D:10     | Bought a pair of embroidered gloves for 195 gold pieces
 15605 | D:10     | Killed a two-headed ogre
 15606 | D:10     | Reached XP level 11. HP: 35/88 MP: 15/27
 15612 | D:10     | Learned a level 5 spell: Freezing Cloud
 15851 | D:10     | Noticed a two-headed ogre
 15851 | D:10     | Noticed a two-headed ogre
 15857 | D:10     | Killed a two-headed ogre
 15860 | D:10     | Killed a two-headed ogre
 15979 | D:10     | Found a staircase to the Orcish Mines.
 16276 | Lair:1   | Entered Level 1 of the Lair of Beasts
 16288 | Lair:1   | Reached skill level 1 in Ice Magic
 16891 | Lair:1   | Identified the +3 ring mail of Compression {Harm}
 17076 | Lair:1   | You fall into a shaft and drop 1 floor!
 17761 | Lair:2   | Noticed an eight-headed hydra
 17766 | Lair:2   | Killed an eight-headed hydra
 18621 | Lair:3   | Found a transporter.
 19186 | Lair:3   | Noticed a four-headed hydra
 19190 | Lair:3   | Killed a four-headed hydra
 19323 | Lair:3   | Found a transporter.
 19396 | Lair:3   | Found a staircase to the Shoals.
 19405 | Lair:3   | Reached XP level 12. HP: 47/96 MP: 15/30
 20325 | Lair:4   | Reached skill level 10 in Air Magic
 20511 | Lair:4   | Found a staircase to the Snake Pit.
 20637 | Lair:4   | Reached skill level 10 in Spellcasting
 21644 | Snake:1  | Entered Level 1 of the Snake Pit
 22252 | Lair:5   | Noticed a six-headed hydra
 22255 | Lair:5   | Noticed a six-headed hydra
 22291 | Lair:5   | Killed a six-headed hydra
 22579 | Lair:5   | Killed a six-headed hydra
 22733 | Lair:5   | Found a runed translucent door.
 22737 | Lair:5   | Found a staircase to the Slime Pits.
 22738 | Lair:5   | Noticed an acid blob
 23279 | Lair:6   | Entered Level 6 of the Lair of Beasts
 23301 | Lair:6   | Reached XP level 13. HP: 71/105 MP: 27/32
 23650 | Lair:6   | Slain by a boulder beetle

Illustrated notes

Levels and vault maps discovered:
D:1:      kilobyte_arrival_exit_the_forest, layout_basic,
          ebering_ecumenical_altar_abandoned, hangedman_decor_clover_reticule
D:2:      layout_rooms, basic_altar, serial_shops, nicolae_shop_stone,
          corner_web_ring, minmay_box_of_dots, uniq_sigmund,
          uniq_crazy_yiuf_cottage
D:3:      layout_basic, mainiacjoe_overflow_small_starburst,
          grunt_decor_resistance
D:4:      minmay_razor_zed, layout_cave_pools, lemuel_doored_altar,
          minmay_temple_entry_fiery, enter_ossuary_2,
          gammafunk_ghost_gnarly_gnolls
D:5:      layout_basic, kiku_gazebo_pond_becter, minmay_misc_feat_tiny
D:6:      lemuel_insect_pit, layout_loops_ring, jmf_multi_god_temple2,
          uniq_grinder, uniq_pikel
D:7:      layout_basic, mainiacjoe_overflow_boulevard,
          nemelex_dance_club_becter, fedhas_altar_2
D:8:      layout_rooms, old_standard_altar, nzn_wu_jian_contemplation,
          chequers_jeans, uniq_maurice
D:9:      minmay_weird_star, layout_small_grid, grunt_gozag_statues,
          overflow_temple_1_default, serial_bayou, serial_bayou_pond_a,
          serial_bayou_pond_d, serial_bayou_ford_a, serial_bayou_pond_c,
          minivault_13
D:10:     layout_stronghold, dpeg_oklobed_lair, minmay_orc_entry_guard_dogs,
          serial_shops, shop, minmay_misc_feat_pillars, grunt_ministairs_13,
          uniq_maggie
Lair:1:   layout_cave_shapes, chequers_serial_rivers_micro_e,
          infiniplex_staircase_pool, serial_bayou_shore_b, grunt_megastairs_2
Lair:2:   layout_chaotic_city, grunt_megastairs_1
Lair:3:   gammafunk_worm_tunnel, layout_small_grid, elwin_shoals_entry_stream
Lair:4:   layout_cave_shapes, minmay_snake_entry_six_corridors
Lair:5:   layout_roguey, slime_altar_2, grunt_megastairs_4
Lair:6:   due_jungle_book, layout_regular_city, disabler_island
Snake:1:  cheibrodos_snake_lava_hold, layout_basic, st_stairs_12, uniq_kirke

Skill      XL: |  1  2  3  4  5  6  7  8  9 10 11 12 |
---------------+-------------------------------------+-----
Air Magic      | 3 4 5 6 8 9 10 | 10.8
Spellcasting   | 2 3 4 5 7 8 9 10 | 10.6
Conjurations   | 1 2 3 4 5 6 7 |  7.1
Dodging        | 2 3 4 |  4.0
Fighting       | 1 2 3 4 5 6 7 |  7.0
Stealth        | 2 3 |  3.0
Shields        | 1 2 3 4 |  4.1
Short Blades   | 1 2 3 4 5 6 |  6.7
Armour         | 1 2 |  2.8
Ice Magic      | 2 3 |  3.7
Evocations     | |  0.9

Action                   |  1- 3 |  4- 6 |  7- 9 | 10-12 | 13-15 || total
-------------------------+-------+-------+-------+-------+-------++-------
Melee: Dagger            |    62 |    82 |    51 |    84 |       ||   279
 Cast: Shock             |    68 |    58 |   227 |    61 |     2 ||   416
       Static Discharge  |     8 |     9 |    37 |   100 |       ||   154
       Airstrike         |       |       |    82 |   227 |    15 ||   324
       Freezing Cloud    |       |       |       |     7 |     1 ||     8
Evoke: Wand              |       |     8 |       |     3 |       ||    11
  Use: Potion            |       |     5 |       |     4 |     1 ||    10
       Scroll            |       |     2 |     1 |    15 |     3 ||    21
 Stab: Sleeping          |     3 |       |     2 |       |       ||     5
Armor: Robe              |    14 |    22 |    21 |       |       ||    57
       Ring mail         |       |       |     7 |     6 |       ||    13
       Swamp dragon scal |       |       |       |    12 |       ||    12
       Chain mail        |       |       |       |    85 |     1 ||    86
Dodge: Dodged            |    48 |    90 |    91 |   104 |       ||   333
Block: Buckler           |       |    26 |    34 |    48 |       ||   108

Table legend: (Time is in decaauts)
 A = Elapsed time spent in this place.
 B = Non-inter-level travel time spent in this place.
 C = Inter-level travel time spent in this place.
 D = Time resting spent in this place.
 E = Time spent auto-exploring this place.
 F = Levels seen in this place.
 G = Mean time per level.
                   A        B        C        D        E       F      G
               +--------+--------+--------+--------+--------+-----+--------+
         Total |  23634 |  22831 |    803 |   3543 |  16530 |  18 | 1313.0 |
       Dungeon |  13921 |  13292 |    629 |   1449 |  10007 |  10 | 1392.1 |
          Lair |   7359 |   7185 |    174 |    418 |   6148 |   6 | 1226.5 |
     Snake Pit |      1 |      1 |      0 |      0 |      0 |   1 |    1.0 |
       Ossuary |   2351 |   2351 |      0 |   1676 |    374 |   1 | 2351.0 |
               +--------+--------+--------+--------+--------+-----+--------+

Top non-repeatable levels by time:
 Ossuary: 2351 daAuts
     D:4: 1952 daAuts
     D:9: 1845 daAuts
  Lair:3: 1672 daAuts
     D:6: 1652 daAuts
     D:7: 1594 daAuts
    D:10: 1574 daAuts
  Lair:4: 1551 daAuts
     D:1: 1495 daAuts
  Lair:5: 1465 daAuts
  Lair:1: 1333 daAuts
     D:3: 1263 daAuts
     D:5: 984 daAuts
  Lair:2: 965 daAuts
     D:8: 813 daAuts
